 Dungeon Crawl Stone Soup version 0.31-a0-152-g6aa68a64a1 (webtiles) character file.

Game seed: 15467997406799137

24 jasper the Caller (level 2, -3/13 HPs)
             Began as a Spriggan Summoner on June 10, 2023.
             Slain by a hobgoblin (4 damage)
             ... on level 1 of the Dungeon.
             The game lasted 00:01:34 (689 turns).

jasper the Caller (Spriggan Summoner)                Turns: 689, Time: 00:01:34

Health: -3/13      AC:  2    Str:  4    XL:     2   Next: 79%
Magic:  6/7        EV: 17    Int: 16    God:
Gold:   74         SH:  0    Dex: 15    Spells: 4/7 levels left

rFire   . . .        d - +0 spear
rCold   . . .        (no shield)
rNeg    . . .        a - +0 robe
rPois   .            (helmet restricted)
rElec   .            (no cloak)
rCorr   .            (gloves unavailable)
SInv    +            (boots unavailable)
Will    .....        (no amulet)
Stlth   ++           (no ring)
HPRegen 0.22/turn    (no ring)
MPRegen 0.10/turn

%: no passive effects
@: very quick
A: very small, no large weapons, unfitting armour, see invisible, speed 3
a: no special abilities


You were on level 1 of the Dungeon.
You visited 1 branch of the dungeon, and saw 1 of its levels.

You collected 74 gold pieces.

Inventory:

Hand Weapons
 c - a +0 mace
 d - a +0 spear (weapon)
Armour
 a - a +0 robe (worn)
Potions
 b - a potion of magic
 e - a potion of heal wounds {unknown}


   Skills:
 - Level 2.6 Dodging
 - Level 3.0 Stealth
 - Level 3.0 Spellcasting
 + Level 3.9 Summonings


You had 4 spell levels left.
You knew the following spells:

 Your Spells              Type           Power      Damage    Failure   Level
a - Summon Small Mammal   Summ           60%        N/A       3%          1
b - Call Imp              Summ           30%        N/A       5%          2

Your spell library contained the following spells:

 Spells                   Type           Power      Damage    Failure   Level
 Call Canine Familiar     Summ           15%        N/A       11%         3
 Summon Guardian Golem    Hex/Summ       8%         N/A       26%         3
 Summon Lightning Spire   Summ/Air       8%         N/A       63%         4


Dungeon Overview and Level Annotations

Branches:
Dungeon (1/15)

Altars:

Shops:
D:1 :


Innate Abilities, Weirdness & Mutations

You are very small and have problems with some larger weapons.
You are too small for most types of armour.
You have supernaturally acute eyesight. (SInv)
You cover ground extremely quickly. (Speed+++)


Message History

Your cerulean imp closely misses the rat.
The rat barely misses you. The ball python misses you.
The ball python completely misses you.
You closely miss the rat.
Your cerulean imp hits the rat but does no damage.
The rat barely misses you. The ball python bites you.
The ball python grabs you. The ball python constricts you.
Your cerulean imp barely misses the rat.
You take 2 damage, and have 8/13 hp.
You hit the ball python but do no damage.
The ball python is heavily wounded.
The hobgoblin barely misses you. The rat completely misses you.
The ball python closely misses you. The ball python constricts you.
Your cerulean imp hits the rat but does no damage.
You take 1 damage, and have 7/13 hp.
You hit the ball python.
You kill the ball python!
The hobgoblin completely misses you. The rat bites you but does no damage.
Your cerulean imp hits the rat from afar with a -3 spear.
The rat barely misses you. The hobgoblin closely misses you.
You barely miss the rat.
The rat is severely wounded.
Your cerulean imp hits the rat from afar with a -3 spear.
The rat dies!
The hobgoblin hits you.
* * * LOW HITPOINT WARNING * * *
You take 4 damage, and have 3/13 hp.
MASSIVE DAMAGE!!
You completely miss the hobgoblin.
Your cerulean imp hits the hobgoblin but does no damage.
The hobgoblin completely misses you.
You barely miss the hobgoblin.
Your cerulean imp hits the hobgoblin but does no damage.
The hobgoblin hits you.
* * * LOW HITPOINT WARNING * * *
You take 2 damage, and have 1/13 hp.
You hit the hobgoblin.
The hobgoblin is heavily wounded.
Your cerulean imp disappears in a puff of smoke!
The hobgoblin hits you.
You die...

#.# #.# ##(#### #.#
. ##.....# #.#
..##...##.#
#.####### g.....##.#
#..)....#
#...##.#####>#####.#
...####)g........#
#..
......†@§........#
#.#
..#.######.#####.#
#.# #.# #.#####.#
#.#####........
#..........[...
######.........
#.#.#####. #.#.# #.
#######.#.# #.


You could see a hobgoblin.

Vanquished Creatures
  A ball python (D:1)
  An endoplasm (D:1)
  A goblin (D:1)
  A hobgoblin (D:1)
  A frilled lizard (D:1)
5 creatures vanquished.

Vanquished Creatures (collateral kills)
  2 dart slugs (D:1)
  A giant cockroach (D:1)
  2 goblins (D:1)
  2 jackals (D:1)
  A quokka (D:1)
  A ball python (D:1)
  2 kobolds (D:1)
  3 rats (D:1)
14 creatures vanquished.

Grand Total: 19 creatures vanquished

Notes
Turn   | Place    | Note
-------+----------+-------------------------------------------
     0 | D:1      | jasper the Spriggan Summoner began the quest for the Orb.
     0 | D:1      | Reached XP level 1. HP: 9/9 MP: 5/5
   272 | D:1      | Found Piliuhe's Distillery.
   289 | D:1      | Reached XP level 2. HP: 13/13 MP: 5/7
   292 | D:1      | Learned a level 2 spell: Call Imp
   340 | D:1      | Found Vunelab's Book Boutique.
   689 | D:1      | Slain by a hobgoblin

Illustrated notes

Levels and vault maps discovered:
D:1:      psy_arrival_wood_between_worlds, layout_loops_ring, serial_shops,
          nicolae_shop_tiny_glass, nicolae_book_shop_shelving,
          corexii_item_surrounded_by_moat, hangedman_decor_opposing

Skill      XL: |  1 |
---------------+----+-----
Spellcasting   | 3 |  3.0
Dodging        | |  2.6
Stealth        | |  3.0
Summonings     | |  3.9

Action                     || total
---------------------------++-------
  Melee: Spear             ||    25
         Punch             ||     1
   Cast: Summon Small Mamm ||    10
         Call Imp          ||     8
   Stab: Sleeping          ||     1
 Armour: Robe              ||     2
  Dodge: Dodged            ||    24

Table legend: (Time is in decaauts)
 A = Elapsed time spent in this place.
 B = Non-inter-level travel time spent in this place.
 C = Inter-level travel time spent in this place.
 D = Time resting spent in this place.
 E = Time spent auto-exploring this place.
 F = Levels seen in this place.
 G = Mean time per level.
                   A        B        C        D        E       F      G
               +--------+--------+--------+--------+--------+-----+--------+
         Total |    539 |    539 |      0 |      0 |    387 |   1 |  539.0 |
       Dungeon |    539 |    539 |      0 |      0 |    387 |   1 |  539.0 |
               +--------+--------+--------+--------+--------+-----+--------+

Top non-repeatable levels by time:
     D:1: 539 daAuts
